 Dungeon Crawl Stone Soup version 0.28.0-53-g5a82cb258f (webtiles) character file.

Game seed: 4242358150478045570

5008 Zeld the Destroyer (level 10, -3/69 HPs)
             Began as a White Draconian Conjurer on June 9, 2022.
             Shot with a sling bullet by Joseph (9 damage)
             ... on level 8 of the Dungeon.
             The game lasted 00:11:50 (14614 turns).

Zeld the Destroyer (White Draconian Conjurer)      Turns: 14614, Time: 00:11:51

Health: -3/69      AC:  9    Str:  9    XL:     10   Next: 29%
Magic:  5/23       EV: 13    Int: 24    God:
Gold:   375        SH:  0    Dex:  9    Spells: 11/27 levels left

rFire   + . .      SeeInvis .   (no weapon)
rCold   + . .      Faith    .   (no shield)
rNeg    . . .      Spirit   .   (armour unavailable)
rPois   .          Reflect  .   c - +0 hat
rElec   .          Harm     .   q - +0 cloak
rCorr   .          Rampage  .   (no gloves)
Will    .....                   w - +0 pair of boots
Stlth   ++........              (no amulet)
HPRegen 0.21/turn               e - ring of protection from fire
MPRegen 0.18/turn               a - ring of wizardry

@: no status effects
A: breathe frost, AC +7, unfitting armour, cold resistance 1, cold-blooded
a: Breathe Frost


You were on level 8 of the Dungeon.
You visited 2 branches of the dungeon, and saw 10 of its levels.

You collected 453 gold pieces.
You spent 78 gold pieces at shops.

Inventory:

Armour
 c - a +0 hat (worn)
 q - a +0 cloak (worn)
 w - a +0 pair of boots (worn)
Jewellery
 a - a ring of wizardry (right hand)
 e - a ring of protection from fire (left hand)
Wands
 t - a wand of iceblast (25)
 B - a wand of flame (14)
Scrolls
 f - 3 scrolls of fear {unknown}
 h - 3 scrolls of immolation {unknown}
 i - a scroll of noise {unknown}
 j - 3 scrolls of vulnerability {unknown}
 k - 3 scrolls of fog {unknown}
 m - 5 scrolls of teleportation {unknown}
 n - a scroll of enchant armour {unknown}
 o - 7 scrolls of identify {unknown}
 s - 2 scrolls of magic mapping {unknown}
 u - a scroll of silence {unknown}
 y - 2 scrolls of holy word {unknown}
Potions
 b - a potion of curing
 d - a potion of magic
 g - a potion of brilliance {unknown}
 l - 2 potions of invisibility {unknown}
 p - a potion of cancellation {unknown}
 r - 2 potions of degeneration {unknown}
 v - a potion of heal wounds {unknown}
 x - 2 potions of lignification {unknown}
 z - 2 potions of berserk rage {unknown}
 A - a potion of haste {unknown}
Miscellaneous
 C - a box of beasts


   Skills:
 + Level 6.3 Dodging
 - Level 1.7 Stealth
 * Level 9.2 Spellcasting
 - Level 10.0 Conjurations
 - Level 2.0 Hexes
 - Level 2.0 Translocations


You had 11 spell levels left.
You knew the following spells:

 Your Spells              Type           Power      Damage    Failure   Level
a - Magic Dart            Conj           100%       1d8       1%          1
b - Searing Ray           Conj           100%       2d8       1%          2
c - Fulminant Prism       Conj/Hex       19%        3d11      1%          4
d - Iskenderun's Mystic   Conj/Tloc      39%        2d9       1%          4
e - Irradiate             Conj/Tmut      17%        3d19      9%          5

Your spell library contained the following spells:

 Spells                   Type           Power      Damage    Failure   Level
 Foxfire                  Conj/Fire      100%       2x1d9     1%          1
 Conjure Flame            Conj/Fire      35%        6-21      1%          3
 Dazzling Flash           Conj/Hex       78%        N/A       1%          3
 Mephitic Cloud           Conj/Pois/Air  27%        N/A       1%          3
 Freeze                   Ice            44%        1d6       2%          1
 Sting                    Tmut/Pois      44%        1d5       2%          1
 Call Imp                 Summ           11%        N/A       3%          2
 Poisonous Vapours        Pois/Air       22%        N/A       3%          2
 Sublimation of Blood     Necr           11%        N/A       3%          2
 Flame Wave               Conj/Fire      35%        2d8       3%          4
 Hailstorm                Conj/Ice       35%        3d9       3%          4
 Inner Flame              Hex/Fire       15%        N/A       4%          3
 Frozen Ramparts          Ice            22%        1d4       7%          3
 Cause Fear               Hex            10%        N/A       11%         4
 Olgreb's Toxic Radiance  Pois           11%        N/A       22%         4
 Petrify                  Tmut/Erth      11%        N/A       22%         4
 Dragon Form              Tmut           5%         N/A       100%        7
 Dragon's Call            Summ           5%         N/A       100%        9


Dungeon Overview and Level Annotations

Branches:
Dungeon (9/15)             Temple (1/1) D:7
   Lair: D:8-11         Orc: D:9-12

Altars:
Ashenzari
Cheibriados
Dithmenos
Elyvilon
Fedhas
Hepliaklqana
Kikubaaqudgha
Makhleb
Nemelex Xobeh
Okawaru
Ru
Sif Muna
Trog
Uskayaw
Vehumet
Xom
Zin
The Shining One
Lugonu

Shops:
D:2 *   D:4 =

Annotations:
D:8 Joseph


Innate Abilities, Weirdness & Mutations

You can breathe waves of freezing cold which knock back foes.
Your icy white scales are hard. (AC +7)
You cannot fit into any form of body armour.
Your flesh is cold resistant. (rC+)
You are cold-blooded and may be slowed by cold attacks.


Message History

The yak gores you.
* * * LOW HITPOINT WARNING * * *
The yak gores you but does no damage.
Casting: Iskenderun's Mystic Blast (dangerous; 1% risk of failure)
Confirm with . or Enter, or press ? or * to list all spells.
You erupt in a blast of force!
The mystic blast hits the yak!
The yak is almost dead.
The yak is knocked back by the mystic blast.
Unknown command.
Unknown command.
Casting: Iskenderun's Mystic Blast (dangerous; 1% risk of failure)
Confirm with . or Enter, or press ? or * to list all spells.
You don't have enough magic to cast this spell.
Unknown command.
Your magical contamination has completely faded away.
There is a stone staircase leading up here.
The yak misses you.
You climb upwards.
Level annotation: Joseph
There is a stone staircase leading down here.
Casting: Iskenderun's Mystic Blast (dangerous; 1% risk of failure)
Confirm with . or Enter, or press ? or * to list all spells.
Aiming: Searing Ray (safe; 1% risk of failure)
Press: ? - help, Shift-Dir - straight line, f - yak
Aim: a yak (moderately wounded, 90% to hit)
The searing ray hits the yak!
The yak is heavily wounded. (Press . to maintain the ray.)
The yak gores you.
* * * LOW HITPOINT WARNING * * *
Joseph shouts!
Joseph shoots a sling bullet.
The sling bullet hits you!
* * * LOW HITPOINT WARNING * * *
Joseph shoots a sling bullet.
The sling bullet hits you!
* * * LOW HITPOINT WARNING * * *
There is a stone staircase leading down here.
Joseph shoots a sling bullet.
The sling bullet hits you but does no damage.
Joseph shoots a sling bullet.
The sling bullet hits you!
You die...

#. #..#.#@#.# ###........###.....
#.##.#..#...# #................
#.......#..######.........##.....
...#>##....##.........##[.##.....
#....###..@#..........###....###.
....)#................# #<##..# .
.###............#.....###..##.###
###..........#........#.##...#
###........Y.@..........####..
#.......#..###..........####..
#.#.....##................##..
..#.#.####...#................
............#..(.......#.(...
.........#...#..........######
.........#.............##
...>.... #...#..........#
........ #...#..........#


You could see Joseph and a yak.

Vanquished Creatures
  Prince Ribbit (D:7)
  A shadow (D:9)
  10 yaks
  A wyvern (D:8)
  Grum (D:8)
  Edmund (D:5)
  An ice beast (D:6)
  2 sky beasts (D:6)
  4 ogres
  2 necrophages
  2 wolves
  2 bullfrogs
  A wyvern zombie (D:4)
  A gnoll sergeant (D:6)
  2 scorpions
  A water moccasin zombie (D:6)
  A wyvern skeleton (D:7)
  5 wights (D:7)
  3 howler monkeys
  2 bullfrog zombies
  Crazy Yiuf (D:4)
  A centaur zombie (D:7)
  3 hounds
  7 orc priests
  A centaur skeleton (D:7)
  A gnoll shaman (D:5)
  A jelly (D:7)
  2 iguanas
  A scorpion zombie (D:5)
  3 orc wizards
  2 killer bee zombies
  A hound zombie (D:4)
  2 howler monkey zombies
  18 gnolls
  A howler monkey skeleton (D:5)
  9 adders
  3 shadow imps
  A white imp (D:7)
  A worm (D:5)
  17 orcs
  7 endoplasms
  A giant cockroach (D:3)
  3 goblins (D:1)
  5 hobgoblins
  7 quokkas
  5 ball pythons
  7 bats
  7 kobolds
  7 rats
169 creatures vanquished.

Vanquished Creatures (others)
  4 fulminant prisms
  5 fungi (D:3)
  25 plants
34 creatures vanquished.

Grand Total: 203 creatures vanquished

Notes
Turn   | Place    | Note
-------+----------+-------------------------------------------
     0 | D:1      | Zeld the Draconian Conjurer began the quest for the Orb.
     0 | D:1      | Reached XP level 1. HP: 14/14 MP: 3/3
   423 | D:1      | Reached XP level 2. HP: 15/20 MP: 1/5
   738 | D:1      | Reached skill level 1 in Translocations
   753 | D:1      | Learned a level 2 spell: Searing Ray
   762 | D:1      | Reached skill level 1 in Hexes
  1253 | D:2      | Reached XP level 3. HP: 26/26 MP: 2/6
  1835 | D:2      | Reached XP level 4. HP: 23/33 MP: 1/7
  2551 | D:2      | Found Ipnush Iqoss's Assorted Antiques.
  2557 | D:2      | Bought a scroll labelled YDAOBY ZOOBEEL for 20 gold pieces
  2557 | D:2      | Bought a scroll labelled GONOCOABUM for 20 gold pieces
  2557 | D:2      | Bought a scroll labelled OLIZUZ KOMUNI for 20 gold pieces
  2557 | D:2      | Bought a red potion for 18 gold pieces
  2946 | D:3      | Reached XP level 5. HP: 38/38 MP: 1/9
  3244 | D:3      | Found a faded altar of an unknown god.
  3376 | D:3      | Reached skill level 5 in Conjurations
  3451 | D:2      | Learned a level 4 spell: Fulminant Prism
  3692 | D:3      | Reached XP level 6. HP: 41/45 MP: 6/11
  3799 | D:3      | Learned a level 4 spell: Iskenderun's Mystic Blast
  3802 | D:3      | Found an iron altar of Okawaru.
  4518 | D:5      | Entered Level 5 of the Dungeon
  5308 | D:4      | Found Lobimaomp's Jewellery Shoppe.
  5524 | D:4      | Your scales start taking on an icy white colour.
  5524 | D:4      | Reached XP level 7. HP: 49/50 MP: 7/13
  5524 | D:4      | Gained mutation: Your flesh is cold resistant. (rC+) [White
                  | Draconian growth]
  5587 | D:4      | Reached skill level 6 in Conjurations
  6313 | D:4      | Found a runed translucent door.
  6314 | D:4      | Noticed Crazy Yiuf
  6387 | D:4      | Killed Crazy Yiuf
  6573 | D:5      | Noticed Edmund
  6593 | D:5      | Killed Edmund
  6985 | D:5      | Reached skill level 5 in Spellcasting
  7115 | D:5      | Found a white marble altar of Elyvilon.
  7699 | D:5      | Reached XP level 8. HP: 33/57 MP: 5/16
  7905 | D:5      | Reached skill level 7 in Conjurations
  7995 | D:5      | Found a sparkling altar of Nemelex Xobeh.
  9252 | D:7      | Reached skill level 8 in Conjurations
  9492 | D:7      | Noticed Prince Ribbit
  9509 | D:7      | Killed Prince Ribbit
  9510 | D:7      | Reached XP level 9. HP: 41/62 MP: 8/19
  9895 | D:7      | Found a large runed translucent door.
  9896 | D:7      | Found a large runed translucent door.
 10146 | D:7      | Found a sacrificial altar of Ru.
 10153 | D:7      | Found a hide-covered altar of Uskayaw.
 10221 | D:7      | Found a glowing silver altar of Zin.
 10227 | D:7      | Reached skill level 5 in Dodging
 10589 | D:7      | Found a staircase to the Ecumenical Temple.
 10650 | Temple   | Entered the Ecumenical Temple
 11129 | D:8      | Reached skill level 9 in Conjurations
 11139 | D:8      | Noticed Grum
 11190 | D:7      | HP: 2/62 [wolf[Grum] (3)]
 11872 | D:8      | Killed Grum
 12117 | D:8      | Noticed Joseph
 12140 | D:8      | HP: 1/62 [Joseph/sling bullet (20)]
 12648 | D:7      | Learned a level 5 spell: Irradiate
 13128 | D:8      | HP: 1/62 [yak (8)]
 13535 | D:9      | Found a bloodstained altar of Trog.
 13607 | D:8      | Reached XP level 10. HP: 59/69 MP: 17/22
 14030 | D:9      | Found a shimmering altar of Xom.
 14031 | D:9      | Found a hazy altar of Hepliaklqana.
 14135 | D:9      | Reached skill level 10 in Conjurations
 14544 | D:9      | Noticed a two-headed ogre
 14599 | D:8      | HP: 3/69 [Joseph/sling bullet (9)]
 14614 | D:8      | Shot with a sling bullet by Joseph

Illustrated notes

Levels and vault maps discovered:
D:1:      dpeg_arrival_fog, layout_loops_cross
D:2:      wad_woods_settlement, layout_loops_corners, serial_shops,
          nicolae_shop_overgrown_old_shop
D:3:      layout_basic, lemuel_round_altar,
          shapermc_ecumenical_altar_mp_ritualfount
D:4:      layout_basic, serial_shops, shop, amcnicky_mini_pool_small,
          uniq_crazy_yiuf_cottage
D:5:      layout_loops_corners, nemelex_dance_club_becter,
          mainiacjoe_overflow_six_doors_small, minmay_holes, uniq_edmund
D:6:      layout_gridville
D:7:      layout_loops_ring, zin_academy, jmf_multi_god_temple2,
          minmay_temple_entry_offerings, grunt_decor_resistance,
          chequers_serial_rivers_room_a, uniq_prince_ribbit1
D:8:      layout_rooms, minmay_between, uniq_joseph, uniq_grum
D:9:      mumra_celtic_spiral_tile, layout_small_grid,
          regret_index_temple_of_mockery, bloody_trog
Temple:   corrupted_temple

Skill      XL: |  1  2  3  4  5  6  7  8  9 10 |
---------------+-------------------------------+-----
Translocations | 1 2 |  2.0
Hexes          | 1 2 |  2.0
Spellcasting   | 3 4 5 7 8 9 |  9.2
Dodging        | 2 3 4 5 6 |  6.3
Conjurations   | 5 6 8 9 10 | 10.0
Stealth        | |  1.7

Action                   |  1- 3 |  4- 6 |  7- 9 | 10-12 || total
-------------------------+-------+-------+-------+-------++-------
Melee: Unarmed           |    23 |    31 |    23 |    12 ||    89
       Tailslap          |     1 |     5 |     3 |     3 ||    12
 Cast: Magic Dart        |    55 |    18 |     7 |     1 ||    81
       Searing Ray       |     4 |    39 |    82 |     7 ||   132
       Iskenderun's Myst |       |       |    28 |    20 ||    48
       Fulminant Prism   |       |       |     4 |       ||     4
 Abil: Breathe Frost     |       |       |     5 |     1 ||     6
Evoke: Wand              |       |       |     2 |       ||     2
  Use: Potion            |       |       |     6 |       ||     6
 Stab: Sleeping          |       |       |     1 |       ||     1
Armor: Skin              |    13 |    33 |    64 |    12 ||   122
Dodge: Dodged            |    20 |    69 |   122 |    11 ||   222
